 Dungeon Crawl Stone Soup version 0.29-a0-1047-g7c58e119a4 (webtiles) character file.

Game seed: 7556706926001522235

66 SensoryNuts the Trooper (level 3, -1/29 HPs)
             Began as a Demonspawn Fighter on Aug 16, 2022.
             Succumbed to an adder's poison
             ... on level 3 of the Dungeon.
             The game lasted 00:03:28 (2528 turns).

SensoryNuts the Trooper (Demonspawn Fighter)        Turns: 2528, Time: 00:03:29

Health: -1/29      AC:  6    Str: 16 (18) XL:     3   Next: 96%
Magic:  3/3        EV:  9    Int:  6 (9)  God:
Gold:   78         SH:  6    Dex: 10 (12) Spells: 2/2 levels left

rFire   . . .      SeeInvis .   f - +1 short sword (venom)
rCold   . . .      Faith    .   e - +2 buckler
rNeg    . . .      Spirit   .   b - +0 scale mail
rPois   .          Reflect  .   (no helmet)
rElec   .          Harm     .   (no cloak)
rCorr   .          Rampage  .   (no gloves)
Will    .....                   (no boots)
Stlth   ..........              (no amulet)
HPRegen 1.09/turn               (no ring)
MPRegen 0.08/turn               (no ring)

@: mighty, lethally poisoned (-1 -> -6)
A: powered by death 1, sturdy frame 1
a: no special abilities


You were on level 3 of the Dungeon.
You visited 1 branch of the dungeon, and saw 3 of its levels.

You collected 78 gold pieces.

Inventory:

Hand Weapons
 a - a +0 trident
 f - a +1 short sword of venom (weapon)
Armour
 b - a +0 scale mail (worn)
 c - a +0 buckler
 e - a +2 buckler (worn)
Jewellery
 k - an amulet of magic regeneration
Scrolls
 j - a scroll of teleportation
Potions
 p - a potion of flight


   Skills:
 + Level 3.3 Fighting
 + Level 1.6 Short Blades
 + Level 1.8 Polearms
 + Level 3.1 Armour
 + Level 0.1 Stealth
 + Level 3.1 Shields


You had 2 spell levels left.
You didn't know any spells.
Your spell library contained the following spells:

 Spells                   Type           Power      Damage    Failure   Level
 Sting                    Tmut/Pois      0%         1d3       83%         1
 Poisonous Vapours        Pois/Air       0%         N/A       92%         2
 Olgreb's Toxic Radiance  Pois           0%         N/A       100%        4


Dungeon Overview and Level Annotations

Branches:
Dungeon (3/15)

Altars:
Makhleb

Shops:
D:2 (

Portals:
Sewer: D:3


Innate Abilities, Weirdness & Mutations

You regenerate a little health from kills.
Your movements are slightly less encumbered by armour. (ER -2)


Message History

You hit the adder.
The adder looks as sick as possible!
The adder is heavily wounded.
You feel sick. The adder barely misses you. The adder bites you.
You barely miss the adder.
The adder is severely wounded.
You feel sick. The adder bites you.
You are more poisoned.
The adder poisons you! The adder bites you.
You are lethally poisoned!
The adder poisons you!
You are too injured to fight recklessly!
You are too injured to fight recklessly!
You are too injured to fight recklessly!
You are too injured to fight recklessly!
You are too injured to fight recklessly!
You are too injured to fight recklessly!
You are too injured to fight recklessly!
You are too injured to fight recklessly!
You are too injured to fight recklessly!
You are too injured to fight recklessly!
You are too injured to fight recklessly!
You are too injured to fight recklessly!
You feel very mighty all of a sudden.
You feel very sick. The adder bites you.
* * * LOW HITPOINT WARNING * * *
You are more poisoned.
The adder poisons you! The adder barely misses you.
You block the adder's attack. The adder bites you but does no damage.
Unknown command.
You hit the adder.
The adder is poisoned.
The adder is heavily wounded.
* * * LOW HITPOINT WARNING * * *
You feel very sick.
You kill the adder!
The adder closely misses you. The adder bites you.
* * * LOW HITPOINT WARNING * * *
You miss the adder.
The adder is severely wounded.
You die...

#......(..
##.#####..##
#^.#~~~#...
#..#~~~#..# #
#..#~∩~#..###.##
#..#~~~#.......#
#..#~B~#...##..
#..##S##...#.#
#....S@.....#
#..........## #
########.#.###....
#..<.......
###........
#########


You could see 2 adders and a giant cockroach.

Vanquished Creatures
  An adder (D:3)
  A worm (D:2)
  2 dart slugs
  An orc (D:2)
  3 endoplasms
  3 giant cockroaches (D:1)
  5 goblins
  9 hobgoblins
  6 kobolds
  A quokka (D:2)
  3 ball pythons
  2 bats
  2 frilled lizards (D:1)
  5 rats
44 creatures vanquished.

Notes
Turn   | Place    | Note
-------+----------+-------------------------------------------
     0 | D:1      | SensoryNuts the Demonspawn Fighter began the quest for the
                  | Orb.
     0 | D:1      | Reached XP level 1. HP: 18/18 MP: 1/1
    95 | D:1      | Noticed a shining eye
    96 | D:1      | Found a faded altar of an unknown god.
   100 | D:1      | Noticed a shining eye
   109 | D:1      | Gained mutation: Your movements are slightly less
                  | encumbered by armour. (ER -2) [demonic ancestry]
   109 | D:1      | Reached XP level 2. HP: 14/24 MP: 2/2
   117 | D:1      | HP: 1/24 [poisoned by a kobold]
   629 | D:1      | Noticed a floating eye
   629 | D:1      | Noticed a great orb of eyes
  1595 | D:2      | Gained mutation: You regenerate a little health from kills.
                  | [demonic ancestry]
  1595 | D:2      | Reached XP level 3. HP: 29/29 MP: 3/3
  1699 | D:2      | Found Sougihic's Weapon Shop.
  1718 | D:2      | Reached skill level 1 in Short Blades
  1765 | D:2      | Found a burning altar of Makhleb.
  2507 | D:3      | Found a glowing drain.
  2527 | D:3      | HP: 1/29 [adder (1)]
  2528 | D:3      | Succumbed to an adder's poison

Illustrated notes

Levels and vault maps discovered:
D:1:      co_arrival_square_in_a_square_in_a_square, layout_basic,
          hellmonk_ecumenical_altar_watching_god, minmay_misc_feat_x,
          minmay_bisected
D:2:      layout_basic, basic_altar, serial_shops, nicolae_shop_hallway_plus,
          dreamdust_princess_bridge, minmay_misc_feat_alley
D:3:      layout_loops_ring, gammafunk_temple_overflow_elements,
          gup_sewer_entry_glass, hangedman_feature_mirror, solitary_fountain,
          uniq_robin

Skill      XL: |  1  2  3 |
---------------+----------+-----
Shields        | 3 |  3.1
Armour         | 3 |  3.1
Short Blades   | 1 |  1.6
Fighting       | |  3.3
Polearms       | |  1.8
Stealth        | |  0.1

Action                   || total
-------------------------++-------
Melee: Trident           ||    21
       Short sword       ||   133
  Use: Scroll            ||     5
       Potion            ||     6
Armor: Scale mail        ||    54
Dodge: Dodged            ||    66
Block: Buckler           ||    41

Table legend: (Time is in decaauts)
 A = Elapsed time spent in this place.
 B = Non-inter-level travel time spent in this place.
 C = Inter-level travel time spent in this place.
 D = Time resting spent in this place.
 E = Time spent auto-exploring this place.
 F = Levels seen in this place.
 G = Mean time per level.
                   A        B        C        D        E       F      G
               +--------+--------+--------+--------+--------+-----+--------+
         Total |   2557 |   2358 |    199 |    488 |   1400 |   3 |  852.3 |
       Dungeon |   2557 |   2358 |    199 |    488 |   1400 |   3 |  852.3 |
               +--------+--------+--------+--------+--------+-----+--------+

Top non-repeatable levels by time:
     D:1: 1597 daAuts
     D:2: 938 daAuts
     D:3: 21 daAuts
